AoeStats
← Fries

Arena

509729412Analyzed
4v4 RM · 5d ago on Sep 27, 2026· 78m 58s· 8 players
Game mode
Random Map
Map size
Large (8 player)
Population
200
Speed
Normal
Resources
Standard
Victory
Conquest
Starting age
Dark Age
Ending age
Imperial Age
RankedLock teamsTeams togetherTeam positionsShared explorationLock speedFull tech treeHidden civsTurbo modeCheats
Victory
Defeat
🇧🇷 Magyars · Brazil
1720
+13
🇹🇼 Teutons · Taiwan
1643
+16
🇺🇸 Danes · United States
1581
+18
🇲🇽 Persians · Mexico
1536
+20
🇹🇼 Spanish · Taiwan
1689
-19
🇹🇼 Khmer · Taiwan
1637
-17
1620
-16
🇹🇼 Persians · Taiwan
1603
-15
miki_bb /VL/
10:17 Feudal Age
14:11 Castle Age
12:32 Double-Bit Axe
12:41 Horse Collar
15:17 Bow Saw
15:09 Heavy Plow
19:01 Loom
23:02 Town Watch
23:54 Wheelbarrow
28:50 Imperial Age
26:45 Scale Barding Armor
26:51 Forging
27:15 Bloodlines
27:38 Hand Cart
28:13 Chain Barding Armor
28:59 Iron Casting
28:37 Elite War Elephant
30:16 Crop Rotation
30:15 Conscription
30:38 Plate Barding Armor
31:19 Chemistry
30:31 Light Cavalry
31:44 Devotion
34:17 Blast Furnace
33:40 Ballistics
34:05 Fletching
35:35 Citadels
36:20 Faith
38:48 Husbandry
40:36 Bodkin Arrow
41:18 Gold Mining
41:19 Stone Mining
42:15 Masonry
43:17 Hussar
45:12 Hoardings
47:50 Caravan
55:05 Coinage
63:06 Padded Archer Armor
64:01 Kamandaran
63:24 Crossbowman
65:05 Thumb Ring
67:34 Leather Archer Armor
69:14 Ring Archer Armor
73:08 Banking
74:37 Architecture
77:09 Spies/Treason
79:20 Heated Shot
79:27 Murder Holes
79:42 Clinker Construction
79:43 Careening
79:39 Siphons
79:24 Guard Tower
Its Jskillz
10:54 Feudal Age
11:42 Double-Bit Axe
14:48 Castle Age
13:33 Horse Collar
14:05 Loom
14:42 Gold Mining
15:53 Bow Saw
20:18 Wheelbarrow
20:58 Fletching
27:00 Imperial Age
24:48 Stone Mining
25:57 Bodkin Arrow
26:35 Padded Archer Armor
28:55 Gold Shaft Mining
29:01 Hand Cart
30:12 Bracer
30:38 Bloodlines
33:44 Leather Archer Armor
33:22 Onager
34:29 Cranequins
35:40 Ring Archer Armor
35:47 Ballistics
36:18 Devotion
37:57 Conscription
39:18 Masonry
39:16 Siege Engineers
40:17 Pikeman
41:09 Forging
41:01 Scale Mail Armor
41:15 Halberdier
43:45 Chemistry
42:37 Guard Tower
42:58 Masonry
43:34 Chain Mail Armor
45:17 Plate Mail Armor
49:45 Gambesons
50:01 Squires
52:46 Arson
54:48 Caravan
58:31 Forging
60:06 Iron Casting
61:55 Blast Furnace
63:52 Heavy Plow
65:27 Elite Varangian Guard
66:50 Town Watch
Sung Jinwoo
10:31 Feudal Age
12:06 Double-Bit Axe
14:24 Castle Age
12:33 Horse Collar
15:21 Bow Saw
15:13 Heavy Plow
15:58 Loom
19:20 Wheelbarrow
20:16 Hand Cart
20:29 Loom
22:03 Gold Mining
22:52 Town Watch
24:32 Gold Shaft Mining
27:55 Imperial Age
26:04 Fletching
26:14 Padded Archer Armor
26:36 Ballistics
26:31 Stone Mining
26:51 Bodkin Arrow
27:21 Thumb Ring
27:35 Husbandry
27:45 Bloodlines
27:53 Leather Archer Armor
28:18 Heavy Cavalry Archer
29:16 Bracer
30:46 Chemistry
29:07 Heavy Cavalry Archer
31:20 Parthian Tactics
32:04 Ring Archer Armor
32:30 Recurve Bow
33:30 Conscription
33:43 Scale Barding Armor
34:27 Scale Mail Armor
36:40 Chain Barding Armor
36:18 Light Cavalry
36:25 Elite Magyar Huszar
37:13 Corvinian Army
39:00 Plate Barding Armor
46:01 Caravan
48:29 Masonry
48:24 Murder Holes
49:22 Hoardings
49:30 Hoardings
50:26 Siege Engineers
52:18 Treadmill Crane
69:54 Two-Man Saw
69:24 Crop Rotation
68:58 Town Patrol
68:44 Loom
[TNT] TW_RED
8:04 Feudal Age
6:19 Loom
9:24 Fletching
20:58 Castle Age
19:11 Double-Bit Axe
19:48 Horse Collar
21:37 Bodkin Arrow
22:09 Bow Saw
22:34 Guard Tower
22:44 Town Watch
28:04 Wheelbarrow
31:42 Imperial Age
30:45 Heavy Plow
31:33 Hand Cart
31:51 Ballistics
34:07 Two-Man Saw
34:38 Crenellations
34:58 Crop Rotation
35:50 Conscription
35:55 Scale Mail Armor
36:05 Forging
35:33 Pikeman
36:14 Squires
36:56 Chain Mail Armor
36:13 Halberdier
38:04 Iron Casting
40:44 Ironclad
39:52 Capped Ram
42:04 Plate Mail Armor
42:58 Blast Furnace
43:07 Onager
43:54 Siege Engineers
45:12 Caravan
47:52 Chemistry
50:00 Siege Onager
53:02 Blast Furnace
52:07 Scale Barding Armor
51:32 Heavy Scorpion
56:03 Chain Barding Armor
55:49 Cavalier
56:39 Bloodlines
57:06 Paladin
59:15 Plate Barding Armor
65:16 Siege Onager
76:54 Spies/Treason
78:53 Elite Teutonic Knight
再吵去東湖框你媽出場
7:29 Loom
9:15 Feudal Age
15:03 Fletching
22:40 Castle Age
21:10 Double-Bit Axe
22:03 Stone Mining
23:33 Town Watch
26:59 Bodkin Arrow
30:18 Gold Mining
32:38 Horse Collar
33:10 Bow Saw
33:27 Fortified Wall
35:03 Wheelbarrow
36:41 Wheelbarrow
41:24 Heavy Plow
42:24 Elite Skirmisher
45:14 Treadmill Crane
48:47 Imperial Age
46:56 Ballistics
47:29 Caravan
49:34 Bracer
51:17 Conscription
53:01 Gold Shaft Mining
53:24 Yeomen
54:23 Chemistry
53:34 Masonry
55:33 Crossbowman
58:10 Two-Man Saw
60:46 Arbalester
62:39 Hand Cart
69:01 Padded Archer Armor
78:28 Capped Ram
BøM_Sheuu
10:35 Feudal Age
13:16 Castle Age
11:08 Double-Bit Axe
13:14 Horse Collar
14:37 Bow Saw
18:24 Loom
19:59 Wheelbarrow
21:10 Heavy Plow
22:08 Hand Cart
22:00 Town Watch
22:27 Stone Mining
22:32 Gold Mining
24:29 Gold Shaft Mining
27:34 Imperial Age
26:30 Stone Shaft Mining
26:42 Bloodlines
26:32 Husbandry
27:21 Scale Barding Armor
29:07 Conscription
29:18 Chain Barding Armor
29:25 Ballistics
29:33 Double Crossbow
30:56 Plate Barding Armor
32:44 Elite Ballista Elephant
35:13 Siege Engineers
36:10 Chemistry
38:13 Hoardings
38:43 Coinage
38:48 Forging
39:13 Fletching
38:45 Light Cavalry
43:52 Iron Casting
42:55 Hussar
45:59 Blast Furnace
48:11 Masonry
49:37 Caravan
51:32 Banking
51:08 Scale Mail Armor
51:23 Cavalier
54:42 Fortified Wall
59:34 Architecture
BøM_antihack.exe
10:29 Feudal Age
14:28 Castle Age
13:21 Double-Bit Axe
15:40 Bow Saw
19:41 Horse Collar
23:22 Wheelbarrow
26:16 Gold Mining
26:35 Stone Mining
27:31 Scale Barding Armor
30:01 Imperial Age
28:07 Loom
29:21 Chain Barding Armor
29:15 Bloodlines
29:05 Husbandry
29:28 Sanctity
29:19 Fervor
30:16 Hand Cart
30:25 Inquisition
31:04 Block Printing
31:44 Illumination
31:32 Redemption
32:48 Theocracy
34:07 Scale Mail Armor
34:18 Forging
34:44 Plate Barding Armor
34:33 Conscription
34:31 Pikeman
36:56 Halberdier
38:50 Chain Mail Armor
40:54 Supremacy
41:06 Padded Archer Armor
40:29 Elite Conquistador
41:54 Plate Mail Armor
41:59 Iron Casting
42:19 Squires
43:00 Sappers
44:48 Coinage
43:43 Capped Ram
45:30 Siege Ram
52:57 Banking
54:02 Blast Furnace
54:13 Man-at-Arms
54:39 Gambesons
54:40 Arson
57:14 Long Swordsman
57:45 Two-Handed Swordsman
58:29 Champion
61:17 Leather Archer Armor
64:10 Fletching
64:50 Ring Archer Armor
73:00 Onager
Fries
10:29 Feudal Age
10:59 Double-Bit Axe
14:28 Castle Age
12:23 Horse Collar
15:19 Bow Saw
15:16 Heavy Plow
19:34 Wheelbarrow
22:22 Hand Cart
22:52 Gold Mining
28:40 Imperial Age
25:59 Loom
27:02 Scale Barding Armor
27:13 Bloodlines
27:03 Husbandry
27:53 Gold Shaft Mining
26:44 Light Cavalry
29:16 Chain Barding Armor
28:34 Cavalier
29:27 Forging
30:34 Plate Barding Armor
31:13 Savar
31:55 Scale Mail Armor
32:05 Forging
33:36 Iron Casting
33:46 Elite Skirmisher
35:32 Blast Furnace
34:22 Fletching
35:00 Ballistics
36:32 Padded Archer Armor
37:03 Bodkin Arrow
37:58 Leather Archer Armor
38:54 Hussar
40:24 Ring Archer Armor
45:03 Pikeman
45:43 Squires
Connection lost

Rejoining the realm…

Still unreachable

The connection could not be restored.

Session expired

The server has moved on; the page needs a fresh start.